WCHLSIM.com - West Coast Hockey League
html PUBLIC "-//W3C//DTD XHTML 1.0 Transitional//EN" "http://www.w3.org/TR/xhtml1/DTD/xhtml1-transitional.dtd"> WCHL - Game 129 - LAS VEGAS LIZARD KINGS vs CALGARY FIREMEN

LAS VEGAS LIZARD KINGS vs CALGARY FIREMEN

Created - 30 octobre 2023 at 23:21

Goals
1 2 3 T
LAS VEGAS LIZARD KINGS 2 2 1 5
CALGARY FIREMEN 2 1 0 3
Shots
1 2 3 T
LAS VEGAS LIZARD KINGS 11 14 5 30
CALGARY FIREMEN 9 7 8 24

1st period

1. CALGARY FIREMEN , Nikita Zadorov 1 (Jakob Silfverberg 5, Ryan Johansen 4) at 6:15 (PP)
2. LAS VEGAS LIZARD KINGS , Brandon Hagel 7 (John Marino 4) at 7:00
3. CALGARY FIREMEN , Mason Marchment 2 (Yakov Trenin 1, Jamie Oleksiak 1) at 18:01
4. LAS VEGAS LIZARD KINGS , Brandon Hagel 8 (Jeff Carter 6, Evan Rodrigues 6) at 19:32

Penalties :
Brett Howden (CGY) for Roughing (Minor) at 3:19, Zemgus Girgensons (LVG) for Hooking (Minor) at 5:43, Nikita Zadorov (CGY) for High sticking (Minor) at 7:09

2nd period

5. LAS VEGAS LIZARD KINGS , Johnny Gaudreau 6 (Joe Pavelski 6, Ryan Nugent-Hopkins 9) at 3:59
6. LAS VEGAS LIZARD KINGS , Evan Rodrigues 4 (Brandon Hagel 5, Dmitry Kulikov 4) at 6:28
7. CALGARY FIREMEN , Jakob Silfverberg 1 (Ryan Johansen 5) at 16:39

Penalties :
Jamie Oleksiak (CGY) for Fighting (Major) at 8:07, Brandon Hagel (LVG) for Fighting (Major) at 8:07, Jake McCabe (CGY) for Fighting (Major) at 8:07, Dmitry Kulikov (LVG) for Fighting (Major) at 8:07, Jakob Silfverberg (CGY) for Fighting (Major) at 8:07, Evan Rodrigues (LVG) for Fighting (Major) at 8:07, Ryan Johansen (CGY) for Slashing (Minor) at 8:07, Mattias Janmark-Nylen (CGY) for Slashing (Minor) at 8:07, Jeff Carter (LVG) for High sticking (Minor) at 8:07, John Marino (LVG) for Slashing (Minor) at 8:07, Brett Howden (CGY) for Charging (Minor) at 16:31, Johnny Gaudreau (LVG) for Cross-checking (Minor) at 16:31

3rd period

8. LAS VEGAS LIZARD KINGS , Joe Pavelski 3 (Brayden McNabb 4) at 19:39 (Empty Net)

Penalties :
Yakov Trenin (CGY) for Roughing (Minor) at 2:23, Jordan Oesterle (CGY) for Tripping (Minor) at 8:24

Goalie Stats

Kaapo Kahkonen (LVG), 21 saves from 24 shots - (0,875), W, 1-0-1, 60:00 minutes
Alex Nedeljkovic (CGY), 12 saves from 16 shots - (0,750), L, 2-5-1, 26:28 minutes
Samuel Ersson (CGY), 13 saves from 13 shots - (1,000), 33:03 minutes

Players Stats for LAS VEGAS LIZARD KINGS

Player Name              G  A  P  +/- PIM S  H  SB GA TA FO     MP     PP MP  PK MP  
------------------------------------------------------------------------------------
Brandon Hagel            2  1  3   2  5   3  0  0  0  0  1/2    17:27   3:32   0:20 
Brayden McNabb           0  1  1   2  0   0  0  1  0  0  0/0    24:29   3:36   0:16 
Dmitry Kulikov           0  1  1   1  5   0  2  0  0  0  0/0    20:47   3:51   0:16 
Evan Rodrigues           1  1  2   2  5   3  1  0  0  0  1/1    14:47   0:00   0:00 
Jacob Bryson             0  0  0   0  0   0  1  0  0  0  0/0    14:31   0:17   0:00 
Jeff Carter              0  1  1   2  2   2  1  0  0  0  10/15  18:17   3:20   0:00 
Joe Pavelski             1  1  2   2  0   3  1  1  0  0  0/0    22:33   4:24   0:12 
John Marino              0  1  1   1  2   0  0  1  0  0  0/0    22:31   4:20   0:16 
Johnny Gaudreau          1  0  1   1  2   3  0  0  0  0  1/1    21:56   4:24   0:00 
Jordan Greenway          0  0  0   0  0   0  0  0  0  0  0/0     5:01   0:00   0:00 
Luke Glendening          0  0  0   0  0   1  0  0  0  0  2/6     5:09   0:00   0:00 
Matt Roy                 0  0  0   1  0   0  0  4  0  0  0/0    22:54   3:48   0:00 
Patrik Nemeth            0  0  0   1  0   0  1  0  0  0  0/0    14:46   0:00   0:16 
Ryan Nugent-Hopkins      0  1  1   1  0   7  1  0  0  0  19/33  23:42   4:24   0:12 
Ty Dellandrea            0  0  0   0  0   2  2  0  0  0  6/13   12:48   0:29   0:20 
Victor Olofsson          0  0  0  -1  0   3  0  1  0  0  1/1     9:35   3:15   0:00 
Vladislav Namestnikov    0  0  0   1  0   1  3  0  0  0  1/1    12:12   0:00   0:00 
Zemgus Girgensons        0  0  0   0  2   2  0  0  0  0  1/1    11:58   0:00   0:00 

Players Stats for CALGARY FIREMEN

Player Name              G  A  P  +/- PIM S  H  SB GA TA FO     MP     PP MP  PK MP  
------------------------------------------------------------------------------------
Brett Howden             0  0  0  -1  4   1  2  0  0  0  7/12   13:06   0:00   0:00 
Colton White             0  0  0   0  0   0  3  2  0  0  0/0    18:15   0:00   1:06 
Fabian Zetterlund        0  0  0   0  0   1  0  0  0  0  1/3     7:48   0:00   0:00 
Jake McCabe              0  0  0  -3  5   0  3  0  0  0  0/0    21:26   0:00   3:52 
Jakob Silfverberg        1  1  2  -2  5   4  0  0  0  0  0/1    18:55   0:12   4:28 
Jamie Oleksiak           0  1  1  -3  5   1  4  1  0  0  0/0    21:26   0:00   3:52 
John Hayden              0  0  0   0  0   0  1  0  0  0  0/0     5:47   0:00   0:00 
Jordan Oesterle          0  0  0   0  2   1  1  0  0  0  0/0    16:49   0:00   0:00 
Liam Foudy               0  0  0  -1  0   2  0  0  0  0  0/0    10:51   0:00   0:00 
Mason Marchment          1  0  1   0  0   3  1  1  0  0  2/19   21:11   0:20   3:28 
Mattias Janmark-Nylen    0  0  0  -3  2   2  0  0  0  0  1/2    20:27   0:12   3:28 
Michael McCarron         0  0  0   0  0   0  1  0  0  0  5/6     5:47   0:00   0:00 
Nikita Zadorov           1  0  1   0  2   2  2  0  0  0  0/0    19:44   0:32   2:58 
Olli Maatta              0  0  0   0  0   3  0  1  0  0  0/0    21:19   0:32   4:04 
Oskar Lindblom           0  0  0   0  0   0  1  0  0  0  1/2    15:46   0:20   0:00 
Ryan Johansen            0  2  2  -2  2   2  1  0  0  0  14/25  20:50   0:12   4:28 
Sonny Milano             0  0  0  -1  0   2  0  0  0  0  0/4    12:44   0:00   0:00 
Yakov Trenin             0  1  1   0  2   0  2  0  0  0  0/0    15:45   0:20   0:00 

3 Stars

1 - Joe Pavelski (LVG)
2 - Brandon Hagel (LVG)
3 - Evan Rodrigues (LVG)

Power Play

LAS VEGAS LIZARD KINGS - 0 on 4 Attempt(s) - 0,00%
CALGARY FIREMEN - 1 on 1 Attempt(s) - 100,00%

Penalty Kill

LAS VEGAS LIZARD KINGS - 0 on 1 Attempt(s) - 0,00% - Score 0 goal in Penalty Kill
CALGARY FIREMEN - 4 on 4 Attempt(s) - 100,00% - Score 0 goal in Penalty Kill

Team Stat

LAS VEGAS LIZARD KINGS - Hits : 13 - Faceoff Wins : 43 - Blocked Shots : 8 - Penalty Minutes : 23
CALGARY FIREMEN - Hits : 22 - Faceoff Wins : 31 - Blocked Shots : 5 - Penalty Minutes : 29

Official

Referees : Sean MacFarlane and Chris Rooney
Linesman : Ken Bonham and Derek Amell

Game Notes

Samuel Ersson enters game at 6:28 of 2nd period
General Fight at 8:07 of 2nd period
Jamie Oleksiak and Brandon Hagel fight to a draw at 8:07 of 2nd period
Jake McCabe and Dmitry Kulikov fight to a draw at 8:07 of 2nd period
Jakob Silfverberg and Evan Rodrigues fight to a draw at 8:07 of 2nd period
Joe Pavelski has scored in a empty net!

Finance

Level 1 -- Attendance: 6000 (100,00%) -- Ticket Income 870 000 $
Level 2 -- Attendance: 5000 (100,00%) -- Ticket Income 550 000 $
Level 3 -- Attendance: 2818 (93,93%) -- Ticket Income 169 080 $
Level 4 -- Attendance: 4565 (91,30%) -- Ticket Income 269 335 $
Luxury Box -- Attendance: 1000 (100,00%) -- Ticket Income 290 000 $
Game was played at the Larouche Stadium.
Total Attendance: 19383 (96,92%)
Total Ticket Income: 2 148 415 $
Other Expense: 21 484 $
Total Income: 2 126 931 $

LAS VEGAS LIZARD KINGS

5 vs 5 Forward 
   Center                   Left Wing                Right Wing               Time % Phy DF OF 
 1 Ryan Nugent-Hopkins      Johnny Gaudreau          Joe Pavelski             37     0   1  4  
 2 Jeff Carter              Brandon Hagel            Evan Rodrigues           30     0   2  3  
 3 Ty Dellandrea            Vladislav Namestnikov    Zemgus Girgensons        25     0   4  1  
 4 Luke Glendening          Jordan Greenway          Victor Olofsson          8      1   3  1  

5 vs 5 Defense 
   Defense                  Defense                                           Time % Phy DF OF 
 1 Brayden McNabb           Matt Roy                                          40     1   2  2  
 2 John Marino              Dmitry Kulikov                                    35     1   2  2  
 3 Patrik Nemeth            Jacob Bryson                                      25     1   3  1  
 4 Brayden McNabb           Matt Roy                                          0      1   2  2  

PowerPlay Forward 
   Center                   Left Wing                Right Wing               Time % Phy DF OF 
 1 Ryan Nugent-Hopkins      Johnny Gaudreau          Joe Pavelski             65     0   0  5  
 2 Jeff Carter              Brandon Hagel            Victor Olofsson          35     0   0  5  

PowerPlay Defense
   Defense                  Defense                                           Time % Phy DF OF 
 1 John Marino              Matt Roy                                          55     0   1  2  
 2 Brayden McNabb           Dmitry Kulikov                                    45     0   1  4  

Penalty Kill 4 Players Forward 
   Center                   Wing                     Time % Phy DF OF 
 1 Ty Dellandrea            Brandon Hagel            55     1   2  2  
 2 Joe Pavelski             Ryan Nugent-Hopkins      45     1   2  2  

Penalty Kill 4 Players Defense
   Defense                  Defense                  Time % Phy DF OF 
 1 Brayden McNabb           John Marino              60     1   2  2  
 2 Patrik Nemeth            Dmitry Kulikov           40     1   2  2  

Penalty Kill - 3 Players Forward 
   Forward                                           Time % Phy DF OF 
 1 Zemgus Girgensons                                 55     1   4  0  
 2 Luke Glendening                                   45     1   4  0  

Penalty Kill - 3 Players Defense
   Defense                  Defense                  Time % Phy DF OF 
 1 Brayden McNabb           John Marino              55     1   4  0  
 2 Patrik Nemeth            Dmitry Kulikov           45     1   4  0  

4 vs 4 Forward 
   Center                   Wing                     Time % Phy DF OF 
 1 Ryan Nugent-Hopkins      Johnny Gaudreau          55     1   2  2  
 2 Jeff Carter              Joe Pavelski             45     1   2  2  

4 vs 4 Defense
   Defense                  Defense                  Time % Phy DF OF 
 1 Brayden McNabb           Matt Roy                 55     1   2  2  
 2 John Marino              Dmitry Kulikov           45     1   2  2  

Last Minutes Offensive
   Center                   Left Wing                Right Wing               Defense                  Defense                  
   Ryan Nugent-Hopkins      Johnny Gaudreau          Joe Pavelski             John Marino              Matt Roy                 

Last Minutes Defensive
   Center                   Left Wing                Right Wing               Defense                  Defense                  
   Ryan Nugent-Hopkins      Vladislav Namestnikov    Joe Pavelski             Brayden McNabb           John Marino              

Goaltenders
Starting : Kaapo Kahkonen           
Backup : Sergei Bobrovsky         

Extra Forwards
Normal : Evan Rodrigues, Victor Olofsson, Joe Pavelski - PP : Brandon Hagel, Ty Dellandrea - PK : Evan Rodrigues
Extra Defensemen
Normal : John Marino, Dmitry Kulikov, Patrik Nemeth - PP : Dmitry Kulikov - PK : Jacob Bryson, John Marino
Penalty Shots
Johnny Gaudreau, Ryan Nugent-Hopkins, Joe Pavelski, Brandon Hagel, Evan Rodrigues
Custom OT Lines Forwards
Johnny Gaudreau, Ryan Nugent-Hopkins, Joe Pavelski, Brandon Hagel, Jeff Carter, Evan Rodrigues, Victor Olofsson, Ty Dellandrea, Vladislav Namestnikov, Jordan Greenway
Custom OT Lines Defensemen
Brayden McNabb, Matt Roy, John Marino, Dmitry Kulikov, Patrik Nemeth

Scratches
None

CALGARY FIREMEN

5 vs 5 Forward 
   Center                   Left Wing                Right Wing               Time % Phy DF OF 
 1 Ryan Johansen            Jakob Silfverberg        Mattias Janmark-Nylen    36     1   2  2  
 2 Mason Marchment          Yakov Trenin             Oskar Lindblom           31     1   2  2  
 3 Brett Howden             Sonny Milano             Liam Foudy               23     1   2  2  
 4 Michael McCarron         Fabian Zetterlund        John Hayden              10     1   2  2  

5 vs 5 Defense 
   Defense                  Defense                                           Time % Phy DF OF 
 1 Jamie Oleksiak           Jake McCabe                                       36     1   2  2  
 2 Olli Maatta              Nikita Zadorov                                    31     1   2  2  
 3 Jordan Oesterle          Colton White                                      23     1   2  2  
 4 Jamie Oleksiak           Jake McCabe                                       10     1   2  2  

PowerPlay Forward 
   Center                   Left Wing                Right Wing               Time % Phy DF OF 
 1 Ryan Johansen            Jakob Silfverberg        Mattias Janmark-Nylen    55     1   2  2  
 2 Mason Marchment          Yakov Trenin             Oskar Lindblom           45     1   2  2  

PowerPlay Defense
   Defense                  Defense                                           Time % Phy DF OF 
 1 Jamie Oleksiak           Jake McCabe                                       55     1   2  2  
 2 Olli Maatta              Nikita Zadorov                                    45     1   2  2  

Penalty Kill 4 Players Forward 
   Center                   Wing                     Time % Phy DF OF 
 1 Ryan Johansen            Jakob Silfverberg        55     1   2  2  
 2 Mason Marchment          Mattias Janmark-Nylen    45     1   2  2  

Penalty Kill 4 Players Defense
   Defense                  Defense                  Time % Phy DF OF 
 1 Jamie Oleksiak           Jake McCabe              55     1   2  2  
 2 Olli Maatta              Nikita Zadorov           45     1   2  2  

Penalty Kill - 3 Players Forward 
   Forward                                           Time % Phy DF OF 
 1 Ryan Johansen                                     55     1   2  2  
 2 Jakob Silfverberg                                 45     1   2  2  

Penalty Kill - 3 Players Defense
   Defense                  Defense                  Time % Phy DF OF 
 1 Jamie Oleksiak           Jake McCabe              55     1   2  2  
 2 Olli Maatta              Nikita Zadorov           45     1   2  2  

4 vs 4 Forward 
   Center                   Wing                     Time % Phy DF OF 
 1 Ryan Johansen            Jakob Silfverberg        55     1   2  2  
 2 Mason Marchment          Mattias Janmark-Nylen    45     1   2  2  

4 vs 4 Defense
   Defense                  Defense                  Time % Phy DF OF 
 1 Jamie Oleksiak           Jake McCabe              55     1   2  2  
 2 Olli Maatta              Nikita Zadorov           45     1   2  2  

Last Minutes Offensive
   Center                   Left Wing                Right Wing               Defense                  Defense                  
   Ryan Johansen            Jakob Silfverberg        Mattias Janmark-Nylen    Jamie Oleksiak           Jake McCabe              

Last Minutes Defensive
   Center                   Left Wing                Right Wing               Defense                  Defense                  
   Ryan Johansen            Jakob Silfverberg        Mattias Janmark-Nylen    Jamie Oleksiak           Jake McCabe              

Goaltenders
Starting : Alex Nedeljkovic         
Backup : Samuel Ersson            

Extra Forwards
Normal : Sonny Milano, Brett Howden, Fabian Zetterlund - PP : Sonny Milano, Brett Howden - PK : Fabian Zetterlund
Extra Defensemen
Normal : Jordan Oesterle, Colton White, Olli Maatta - PP : Jordan Oesterle - PK : Colton White, Olli Maatta
Penalty Shots
Ryan Johansen, Jakob Silfverberg, Mason Marchment, Mattias Janmark-Nylen, Yakov Trenin
Custom OT Lines Forwards
Ryan Johansen, Jakob Silfverberg, Mason Marchment, Mattias Janmark-Nylen, Yakov Trenin, Sonny Milano, Brett Howden, Fabian Zetterlund, Oskar Lindblom, Liam Foudy
Custom OT Lines Defensemen
Jamie Oleksiak, Jake McCabe, Olli Maatta, Nikita Zadorov, Jordan Oesterle

Scratches
Filip Forsberg (Sprained Right Finger Injury)

% Time on Ice - LAS VEGAS LIZARD KINGS

Lines # - Real PCT - Wanted PCT - Time Play
Normal Forward
1 - 34% - 37% - 16:02
2 - 30% - 30% - 14:19
3 - 25% - 25% - 11:59
4 - 11% - 8% - 5:01
Normal Defense
1 - 35% - 40% - 16:30
2 - 35% - 35% - 16:36
3 - 28% - 25% - 13:12
4 - 2% - 0% - 1:03
PP Forward
1 - 55% - 65% - 4:24
2 - 45% - 35% - 3:32
PP Defense
1 - 58% - 55% - 4:35
2 - 42% - 45% - 3:21
PK Forward
1 - 63% - 55% - 0:20
2 - 38% - 45% - 0:12
PK Defense
1 - 50% - 60% - 0:16
2 - 50% - 40% - 0:16
PK3 Forward
1 - 0% - 55%
2 - 0% - 45%
PK3 Defense
1 - 0% - 55%
2 - 0% - 45%
44 Forward
1 - 72% - 55% - 2:51
2 - 28% - 45% - 1:07
44 Defense
1 - 27% - 55% - 1:05
2 - 73% - 45% - 2:53
Last Minute Offensive  - 0:00
Last Minute Defensive  - 0:13
Total
Forward - 60:00
Defense - 60:00

% Time on Ice - CALGARY FIREMEN

Lines # - Real PCT - Wanted PCT - Time Play
Normal Forward
1 - 32% - 36% - 14:57
2 - 33% - 31% - 15:26
3 - 23% - 23% - 10:51
4 - 12% - 10% - 5:47
Normal Defense
1 - 36% - 36% - 16:59
2 - 26% - 31% - 12:24
3 - 31% - 23% - 14:40
4 - 6% - 10% - 2:58
PP Forward
1 - 38% - 55% - 0:12
2 - 63% - 45% - 0:20
PP Defense
1 - 0% - 55% - 0:00
2 - 100% - 45% - 0:32
PK Forward
1 - 56% - 55% - 4:28
2 - 44% - 45% - 3:28
PK Defense
1 - 49% - 55% - 3:52
2 - 51% - 45% - 4:04
PK3 Forward
1 - 0% - 55%
2 - 0% - 45%
PK3 Defense
1 - 0% - 55%
2 - 0% - 45%
44 Forward
1 - 67% - 55% - 2:40
2 - 33% - 45% - 1:18
44 Defense
1 - 42% - 55% - 1:40
2 - 58% - 45% - 2:18
Last Minute Offensive  - 0:33
Last Minute Defensive  - 0:00
Total
Forward - 60:00
Defense - 60:00

Play-by-Play

1st period


0:01 of 1st period - Ryan Johansen wins face-off versus Ryan Nugent-Hopkins in neutral zone.
0:16 of 1st period - Shot by Jakob Silfverberg.
0:16 of 1st period - Stopped by Kaapo Kahkonen with a rebound.
0:38 of 1st period - Shot by Ryan Johansen.
0:38 of 1st period - Shot Blocked by Matt Roy.
2:02 of 1st period - Shot by Vladislav Namestnikov.
2:02 of 1st period - Stopped by Alex Nedeljkovic without a rebound.
2:03 of 1st period - Michael McCarron wins face-off versus Luke Glendening in CALGARY FIREMEN zone.
2:26 of 1st period - Shot by Colton White.
2:26 of 1st period - Shot Blocked by Victor Olofsson.
2:33 of 1st period - Victor Olofsson is hit by Colton White and loses puck.
3:19 of 1st period - Minor Penalty to Brett Howden for Roughing.
3:20 of 1st period - Ryan Johansen wins face-off versus Ryan Nugent-Hopkins in CALGARY FIREMEN zone.
3:31 of 1st period - Nikita Zadorov is hit by Ryan Nugent-Hopkins and loses puck.
5:01 of 1st period - Shot by Ryan Nugent-Hopkins.
5:01 of 1st period - Stopped by Alex Nedeljkovic without a rebound.
5:02 of 1st period - Ryan Johansen wins face-off versus Jeff Carter in CALGARY FIREMEN zone.
5:43 of 1st period - Minor Penalty to Zemgus Girgensons for Hooking.
5:44 of 1st period - Brandon Hagel wins face-off versus Mason Marchment in LAS VEGAS LIZARD KINGS zone.
6:03 of 1st period - Shot by Olli Maatta.
6:03 of 1st period - Stopped by Kaapo Kahkonen without a rebound.
6:04 of 1st period - Ryan Nugent-Hopkins wins face-off versus Ryan Johansen in LAS VEGAS LIZARD KINGS zone.
6:15 of 1st period - Shot by Nikita Zadorov.
6:15 of 1st period - Goal by Nikita Zadorov - LAS VEGAS LIZARD KINGS : 0 - CALGARY FIREMEN : 1.
6:16 of 1st period - Jeff Carter wins face-off versus Brett Howden in neutral zone.
6:20 of 1st period - Icing by Liam Foudy.
6:21 of 1st period - Brett Howden wins face-off versus Ryan Nugent-Hopkins in CALGARY FIREMEN zone.
6:30 of 1st period - Shot by Brett Howden.
6:30 of 1st period - Shot Blocked by Matt Roy.
6:32 of 1st period - Shot by Brett Howden.
6:32 of 1st period - Shot Misses the Net.
6:48 of 1st period - Shot by Sonny Milano.
6:48 of 1st period - Shot Misses the Net.
6:50 of 1st period - Shot by Jordan Oesterle.
6:50 of 1st period - Stopped by Kaapo Kahkonen without a rebound.
6:51 of 1st period - Ryan Johansen wins face-off versus Jeff Carter in LAS VEGAS LIZARD KINGS zone.
7:00 of 1st period - Shot by Brandon Hagel.
7:00 of 1st period - Goal by Brandon Hagel - LAS VEGAS LIZARD KINGS : 1 - CALGARY FIREMEN : 1.
7:01 of 1st period - Zemgus Girgensons wins face-off versus Mason Marchment in neutral zone.
7:09 of 1st period - Minor Penalty to Nikita Zadorov for High sticking.
7:10 of 1st period - Ryan Johansen wins face-off versus Ryan Nugent-Hopkins in CALGARY FIREMEN zone.
7:55 of 1st period - Johnny Gaudreau is hit by Jake McCabe and loses puck.
8:26 of 1st period - Shot by Victor Olofsson.
8:26 of 1st period - Stopped by Alex Nedeljkovic without a rebound.
8:27 of 1st period - Ryan Johansen wins face-off versus Jeff Carter in CALGARY FIREMEN zone.
9:13 of 1st period - Shot by Liam Foudy.
9:13 of 1st period - Shot Misses the Net.
9:21 of 1st period - Shot by Liam Foudy.
9:21 of 1st period - Stopped by Kaapo Kahkonen without a rebound.
9:22 of 1st period - Johnny Gaudreau wins face-off versus Mason Marchment in LAS VEGAS LIZARD KINGS zone.
9:22 of 1st period - Johnny Gaudreau is hit by Mason Marchment.
9:47 of 1st period - Icing by Jamie Oleksiak.
9:48 of 1st period - Ty Dellandrea wins face-off versus Mason Marchment in CALGARY FIREMEN zone.
9:52 of 1st period - Icing by Jamie Oleksiak.
9:53 of 1st period - Ty Dellandrea wins face-off versus Mason Marchment in CALGARY FIREMEN zone.
10:03 of 1st period - Off-side.
10:04 of 1st period - Ryan Johansen wins face-off versus Ryan Nugent-Hopkins in neutral zone.
12:25 of 1st period - Icing by Vladislav Namestnikov.
12:26 of 1st period - Brett Howden wins face-off versus Ty Dellandrea in LAS VEGAS LIZARD KINGS zone.
12:43 of 1st period - Shot by Sonny Milano.
12:43 of 1st period - Stopped by Kaapo Kahkonen without a rebound.
12:44 of 1st period - Michael McCarron wins face-off versus Ryan Nugent-Hopkins in LAS VEGAS LIZARD KINGS zone.
12:52 of 1st period - Off-side.
12:53 of 1st period - Ryan Nugent-Hopkins wins face-off versus Ryan Johansen in neutral zone.
13:02 of 1st period - Johnny Gaudreau is hit by Jordan Oesterle and loses puck.
13:05 of 1st period - Shot by Joe Pavelski.
13:05 of 1st period - Shot Misses the Net.
13:27 of 1st period - Shot by Joe Pavelski.
13:27 of 1st period - Stopped by Alex Nedeljkovic with a rebound.
13:29 of 1st period - Shot by Johnny Gaudreau.
13:29 of 1st period - Shot Misses the Net.
13:37 of 1st period - Shot by Ryan Nugent-Hopkins.
13:37 of 1st period - Stopped by Alex Nedeljkovic without a rebound.
13:38 of 1st period - Brett Howden wins face-off versus Jeff Carter in CALGARY FIREMEN zone.
13:42 of 1st period - Off-side.
13:43 of 1st period - Jeff Carter wins face-off versus Mason Marchment in neutral zone.
14:03 of 1st period - Icing by Jamie Oleksiak.
14:04 of 1st period - Oskar Lindblom wins face-off versus Ryan Nugent-Hopkins in CALGARY FIREMEN zone.
14:40 of 1st period - Icing by Jacob Bryson.
14:41 of 1st period - Ryan Johansen wins face-off versus Ryan Nugent-Hopkins in LAS VEGAS LIZARD KINGS zone.
14:58 of 1st period - Icing by Nikita Zadorov.
14:59 of 1st period - Ryan Johansen wins face-off versus Jeff Carter in CALGARY FIREMEN zone.
15:12 of 1st period - Shot by Evan Rodrigues.
15:12 of 1st period - Stopped by Alex Nedeljkovic without a rebound.
15:13 of 1st period - Brett Howden wins face-off versus Ty Dellandrea in CALGARY FIREMEN zone.
16:25 of 1st period - Shot by Ryan Johansen.
16:25 of 1st period - Stopped by Kaapo Kahkonen without a rebound.
16:26 of 1st period - Jeff Carter wins face-off versus Mason Marchment in LAS VEGAS LIZARD KINGS zone.
16:37 of 1st period - Shot by Brandon Hagel.
16:37 of 1st period - Shot Misses the Net.
16:45 of 1st period - Shot by Jeff Carter.
16:45 of 1st period - Stopped by Alex Nedeljkovic without a rebound.
16:46 of 1st period - Ryan Nugent-Hopkins wins face-off versus Ryan Johansen in CALGARY FIREMEN zone.
16:49 of 1st period - Shot by Joe Pavelski.
16:49 of 1st period - Stopped by Alex Nedeljkovic with a rebound.
17:16 of 1st period - Shot by Ryan Nugent-Hopkins.
17:16 of 1st period - Deflect By Joe Pavelski.
17:16 of 1st period - Shot Blocked by Olli Maatta.
17:24 of 1st period - Shot by Johnny Gaudreau.
17:24 of 1st period - Shot Misses the Net.
17:35 of 1st period - Icing by Mattias Janmark-Nylen.
17:36 of 1st period - Jeff Carter wins face-off versus Ryan Johansen in CALGARY FIREMEN zone.
17:57 of 1st period - Shot by Yakov Trenin.
17:57 of 1st period - Shot Misses the Net.
17:59 of 1st period - Shot by Jamie Oleksiak.
17:59 of 1st period - Shot Blocked by Brayden McNabb.
18:01 of 1st period - Shot by Yakov Trenin.
18:01 of 1st period - Deflect By Mason Marchment.
18:01 of 1st period - Goal by Mason Marchment - LAS VEGAS LIZARD KINGS : 1 - CALGARY FIREMEN : 2.
18:02 of 1st period - Brett Howden wins face-off versus Ty Dellandrea in neutral zone.
18:05 of 1st period - Shot by Liam Foudy.
18:05 of 1st period - Deflect By Sonny Milano.
18:05 of 1st period - Shot Misses the Net.
18:07 of 1st period - Shot by Sonny Milano.
18:07 of 1st period - Shot Misses the Net.
19:03 of 1st period - Shot by Jamie Oleksiak.
19:03 of 1st period - Deflect By Mason Marchment.
19:03 of 1st period - Shot Blocked by Matt Roy.
19:08 of 1st period - Evan Rodrigues is hit by Jake McCabe and loses puck.
19:13 of 1st period - Shot by Brandon Hagel.
19:13 of 1st period - Shot Blocked by Jamie Oleksiak.
19:32 of 1st period - Shot by Brandon Hagel.
19:32 of 1st period - Goal by Brandon Hagel - LAS VEGAS LIZARD KINGS : 2 - CALGARY FIREMEN : 2.
19:33 of 1st period - Ryan Nugent-Hopkins wins face-off versus Ryan Johansen in neutral zone.
19:42 of 1st period - Shot by Ryan Nugent-Hopkins.
19:42 of 1st period - Stopped by Alex Nedeljkovic without a rebound.
19:43 of 1st period - Michael McCarron wins face-off versus Ryan Nugent-Hopkins in CALGARY FIREMEN zone.
19:52 of 1st period - Shot by Fabian Zetterlund.
19:52 of 1st period - Stopped by Kaapo Kahkonen without a rebound.
19:53 of 1st period - Ryan Nugent-Hopkins wins face-off versus Ryan Johansen in LAS VEGAS LIZARD KINGS zone.
Goals for this period are 2 for LAS VEGAS LIZARD KINGS vs 2 for CALGARY FIREMEN.
Shots for this period are 11 for LAS VEGAS LIZARD KINGS vs 9 for CALGARY FIREMEN.

2nd period


0:01 of 2nd period - Mattias Janmark-Nylen wins face-off versus Ryan Nugent-Hopkins in neutral zone.
0:12 of 2nd period - Joe Pavelski is hit by Jamie Oleksiak and loses puck.
1:28 of 2nd period - Shot by Brandon Hagel.
1:28 of 2nd period - Stopped by Alex Nedeljkovic without a rebound.
1:29 of 2nd period - Ty Dellandrea wins face-off versus Brett Howden in CALGARY FIREMEN zone.
1:36 of 2nd period - Off-side.
1:37 of 2nd period - Michael McCarron wins face-off versus Ty Dellandrea in neutral zone.
1:43 of 2nd period - Michael McCarron is hit by Patrik Nemeth and loses puck.
2:01 of 2nd period - Patrik Nemeth is hit by Michael McCarron and loses puck.
2:30 of 2nd period - Shot by Brandon Hagel.
2:30 of 2nd period - Shot Misses the Net.
2:32 of 2nd period - Shot by Evan Rodrigues.
2:32 of 2nd period - Stopped by Alex Nedeljkovic with a rebound.
2:40 of 2nd period - Brandon Hagel is hit by John Hayden and loses puck.
2:52 of 2nd period - Evan Rodrigues is hit by Colton White and loses puck.
3:59 of 2nd period - Shot by Johnny Gaudreau.
3:59 of 2nd period - Goal by Johnny Gaudreau - LAS VEGAS LIZARD KINGS : 3 - CALGARY FIREMEN : 2.
4:00 of 2nd period - Mason Marchment wins face-off versus Luke Glendening in neutral zone.
5:00 of 2nd period - Shot by Sonny Milano.
5:00 of 2nd period - Stopped by Kaapo Kahkonen without a rebound.
5:01 of 2nd period - Ryan Johansen wins face-off versus Ryan Nugent-Hopkins in LAS VEGAS LIZARD KINGS zone.
5:17 of 2nd period - Ryan Nugent-Hopkins is hit by Jamie Oleksiak and loses puck.
5:44 of 2nd period - Shot by Ryan Nugent-Hopkins.
5:44 of 2nd period - Stopped by Alex Nedeljkovic with a rebound.
6:28 of 2nd period - Shot by Evan Rodrigues.
6:28 of 2nd period - Goal by Evan Rodrigues - LAS VEGAS LIZARD KINGS : 4 - CALGARY FIREMEN : 2.
6:28 of 2nd period - Samuel Ersson enters game.
6:29 of 2nd period - Ty Dellandrea wins face-off versus Mason Marchment in neutral zone.
6:40 of 2nd period - Shot by Ty Dellandrea.
6:40 of 2nd period - Shot Misses the Net.
6:42 of 2nd period - Shot by Patrik Nemeth.
6:42 of 2nd period - Shot Blocked by Mason Marchment.
6:44 of 2nd period - Shot by Zemgus Girgensons.
6:44 of 2nd period - Stopped by Samuel Ersson without a rebound.
6:45 of 2nd period - Luke Glendening wins face-off versus Mason Marchment in CALGARY FIREMEN zone.
6:45 of 2nd period - Luke Glendening is hit by Nikita Zadorov.
7:15 of 2nd period - Shot by Mason Marchment.
7:15 of 2nd period - Stopped by Kaapo Kahkonen without a rebound.
7:16 of 2nd period - Jeff Carter wins face-off versus Ryan Johansen in LAS VEGAS LIZARD KINGS zone.
8:07 of 2nd period - Jamie Oleksiak and Brandon Hagel fight to a draw.
8:07 of 2nd period - Penalty to Jamie Oleksiak for Fighting.
8:07 of 2nd period - Penalty to Brandon Hagel for Fighting.
8:07 of 2nd period - Jake McCabe and Dmitry Kulikov fight to a draw.
8:07 of 2nd period - Penalty to Jake McCabe for Fighting.
8:07 of 2nd period - Penalty to Dmitry Kulikov for Fighting.
8:07 of 2nd period - Jakob Silfverberg and Evan Rodrigues fight to a draw.
8:07 of 2nd period - Penalty to Jakob Silfverberg for Fighting.
8:07 of 2nd period - Penalty to Evan Rodrigues for Fighting.
8:07 of 2nd period - Minor Penalty to Ryan Johansen for Slashing.
8:07 of 2nd period - Minor Penalty to Mattias Janmark-Nylen for Slashing.
8:07 of 2nd period - Minor Penalty to Jeff Carter for High sticking.
8:07 of 2nd period - Minor Penalty to John Marino for Slashing.
8:08 of 2nd period - Ryan Nugent-Hopkins wins face-off versus Sonny Milano in CALGARY FIREMEN zone.
8:13 of 2nd period - Shot by Johnny Gaudreau.
8:13 of 2nd period - Stopped by Samuel Ersson without a rebound.
8:14 of 2nd period - Ryan Nugent-Hopkins wins face-off versus Sonny Milano in CALGARY FIREMEN zone.
8:33 of 2nd period - Shot by Johnny Gaudreau.
8:33 of 2nd period - Stopped by Samuel Ersson without a rebound.
8:34 of 2nd period - Ryan Nugent-Hopkins wins face-off versus Sonny Milano in CALGARY FIREMEN zone.
8:44 of 2nd period - Ryan Nugent-Hopkins is hit by Nikita Zadorov and loses puck.
8:53 of 2nd period - Shot by Johnny Gaudreau.
8:53 of 2nd period - Shot Misses the Net.
8:59 of 2nd period - Shot by Ryan Nugent-Hopkins.
8:59 of 2nd period - Stopped by Samuel Ersson without a rebound.
9:00 of 2nd period - Victor Olofsson wins face-off versus Fabian Zetterlund in CALGARY FIREMEN zone.
9:05 of 2nd period - Shot by Victor Olofsson.
9:05 of 2nd period - Shot Blocked by Colton White.
9:21 of 2nd period - Shot by Mason Marchment.
9:21 of 2nd period - Deflect By Fabian Zetterlund.
9:21 of 2nd period - Shot Misses the Net.
9:23 of 2nd period - Shot by Fabian Zetterlund.
9:23 of 2nd period - Shot Misses the Net.
9:25 of 2nd period - Shot by Fabian Zetterlund.
9:25 of 2nd period - Deflect By Mason Marchment.
9:25 of 2nd period - Shot Blocked by Joe Pavelski.
9:27 of 2nd period - Shot by Mason Marchment.
9:27 of 2nd period - Stopped by Kaapo Kahkonen without a rebound.
9:28 of 2nd period - Ryan Nugent-Hopkins wins face-off versus Sonny Milano in LAS VEGAS LIZARD KINGS zone.
9:45 of 2nd period - Shot by Ryan Nugent-Hopkins.
9:45 of 2nd period - Shot Misses the Net.
9:55 of 2nd period - Shot by Ryan Nugent-Hopkins.
9:55 of 2nd period - Stopped by Samuel Ersson without a rebound.
9:56 of 2nd period - Ryan Nugent-Hopkins wins face-off versus Fabian Zetterlund in CALGARY FIREMEN zone.
10:35 of 2nd period - Shot by Ty Dellandrea.
10:35 of 2nd period - Stopped by Samuel Ersson with a rebound.
10:59 of 2nd period - Patrik Nemeth is hit by Ryan Johansen and loses puck.
11:18 of 2nd period - Shot by Joe Pavelski.
11:18 of 2nd period - Shot Blocked by Colton White.
11:20 of 2nd period - Shot by Joe Pavelski.
11:20 of 2nd period - Shot Misses the Net.
11:22 of 2nd period - Shot by Patrik Nemeth.
11:22 of 2nd period - Deflect By Victor Olofsson.
11:22 of 2nd period - Stopped by Samuel Ersson without a rebound.
11:23 of 2nd period - Brett Howden wins face-off versus Ryan Nugent-Hopkins in CALGARY FIREMEN zone.
11:40 of 2nd period - Shot by Joe Pavelski.
11:40 of 2nd period - Shot Misses the Net.
11:52 of 2nd period - Shot by Joe Pavelski.
11:52 of 2nd period - Shot Misses the Net.
12:04 of 2nd period - Shot by Jeff Carter.
12:04 of 2nd period - Stopped by Samuel Ersson without a rebound.
12:05 of 2nd period - Vladislav Namestnikov wins face-off versus Oskar Lindblom in CALGARY FIREMEN zone.
12:26 of 2nd period - Matt Roy is hit by Yakov Trenin and loses puck.
13:01 of 2nd period - Icing by Matt Roy.
13:02 of 2nd period - Ty Dellandrea wins face-off versus Ryan Johansen in LAS VEGAS LIZARD KINGS zone.
14:27 of 2nd period - Icing by Jacob Bryson.
14:28 of 2nd period - Jeff Carter wins face-off versus Michael McCarron in LAS VEGAS LIZARD KINGS zone.
14:40 of 2nd period - Icing by Michael McCarron.
14:41 of 2nd period - Fabian Zetterlund wins face-off versus Luke Glendening in CALGARY FIREMEN zone.
15:10 of 2nd period - Shot by Luke Glendening.
15:10 of 2nd period - Stopped by Samuel Ersson without a rebound.
15:11 of 2nd period - Ryan Johansen wins face-off versus Brandon Hagel in CALGARY FIREMEN zone.
15:11 of 2nd period - Ryan Johansen is hit by Jeff Carter.
16:31 of 2nd period - Minor Penalty to Brett Howden for Charging.
16:31 of 2nd period - Minor Penalty to Johnny Gaudreau for Cross-checking.
16:32 of 2nd period - Ryan Johansen wins face-off versus Ryan Nugent-Hopkins in neutral zone.
16:39 of 2nd period - Shot by Jakob Silfverberg.
16:39 of 2nd period - Goal by Jakob Silfverberg - LAS VEGAS LIZARD KINGS : 4 - CALGARY FIREMEN : 3.
16:40 of 2nd period - Evan Rodrigues wins face-off versus Mason Marchment in neutral zone.
17:21 of 2nd period - Shot by Mattias Janmark-Nylen.
17:21 of 2nd period - Stopped by Kaapo Kahkonen without a rebound.
17:22 of 2nd period - Jeff Carter wins face-off versus Ryan Johansen in LAS VEGAS LIZARD KINGS zone.
17:52 of 2nd period - Shot by Ryan Johansen.
17:52 of 2nd period - Stopped by Kaapo Kahkonen with a rebound.
17:54 of 2nd period - Shot by Jamie Oleksiak.
17:54 of 2nd period - Stopped by Kaapo Kahkonen without a rebound.
17:55 of 2nd period - Ryan Nugent-Hopkins wins face-off versus Mason Marchment in LAS VEGAS LIZARD KINGS zone.
18:42 of 2nd period - Liam Foudy is hit by Vladislav Namestnikov and loses puck.
18:54 of 2nd period - Sonny Milano is hit by Jacob Bryson and loses puck.
19:59 of 2nd period - Shot by Jordan Greenway.
19:59 of 2nd period - Shot Misses the Net.
Goals for this period are 2 for LAS VEGAS LIZARD KINGS vs 1 for CALGARY FIREMEN.
Shots for this period are 14 for LAS VEGAS LIZARD KINGS vs 7 for CALGARY FIREMEN.

3rd period


0:01 of 3rd period - Ryan Nugent-Hopkins wins face-off versus Mason Marchment in neutral zone.
0:20 of 3rd period - Shot by Oskar Lindblom.
0:20 of 3rd period - Shot Blocked by Matt Roy.
0:22 of 3rd period - Shot by Nikita Zadorov.
0:22 of 3rd period - Stopped by Kaapo Kahkonen with a rebound.
0:24 of 3rd period - Shot by Olli Maatta.
0:24 of 3rd period - Stopped by Kaapo Kahkonen with a rebound.
0:40 of 3rd period - Shot by Yakov Trenin.
0:40 of 3rd period - Shot Misses the Net.
1:20 of 3rd period - Evan Rodrigues is hit by Jamie Oleksiak.
2:04 of 3rd period - Shot by Brett Howden.
2:04 of 3rd period - Stopped by Kaapo Kahkonen without a rebound.
2:05 of 3rd period - Michael McCarron wins face-off versus Ty Dellandrea in LAS VEGAS LIZARD KINGS zone.
2:13 of 3rd period - Icing by Vladislav Namestnikov.
2:14 of 3rd period - Ty Dellandrea wins face-off versus Mason Marchment in LAS VEGAS LIZARD KINGS zone.
2:14 of 3rd period - Ty Dellandrea is hit by Oskar Lindblom.
2:22 of 3rd period - Oskar Lindblom is hit by Vladislav Namestnikov.
2:23 of 3rd period - Minor Penalty to Yakov Trenin for Roughing.
2:24 of 3rd period - Ryan Nugent-Hopkins wins face-off versus Jakob Silfverberg in CALGARY FIREMEN zone.
3:20 of 3rd period - Icing by Brandon Hagel.
3:21 of 3rd period - Jeff Carter wins face-off versus Mason Marchment in LAS VEGAS LIZARD KINGS zone.
4:26 of 3rd period - Shot by Ty Dellandrea.
4:26 of 3rd period - Stopped by Samuel Ersson without a rebound.
4:27 of 3rd period - Brett Howden wins face-off versus Ty Dellandrea in CALGARY FIREMEN zone.
4:27 of 3rd period - Brett Howden is hit by Ty Dellandrea.
5:01 of 3rd period - Icing by Jordan Oesterle.
5:02 of 3rd period - Ryan Nugent-Hopkins wins face-off versus Brett Howden in CALGARY FIREMEN zone.
5:13 of 3rd period - Shot by Liam Foudy.
5:13 of 3rd period - Stopped by Kaapo Kahkonen without a rebound.
5:14 of 3rd period - Ryan Johansen wins face-off versus Luke Glendening in LAS VEGAS LIZARD KINGS zone.
5:29 of 3rd period - Shot by Jakob Silfverberg.
5:29 of 3rd period - Stopped by Kaapo Kahkonen with a rebound.
5:31 of 3rd period - Shot by Mattias Janmark-Nylen.
5:31 of 3rd period - Shot Blocked by John Marino.
5:33 of 3rd period - Shot by Olli Maatta.
5:33 of 3rd period - Stopped by Kaapo Kahkonen without a rebound.
5:34 of 3rd period - Ryan Nugent-Hopkins wins face-off versus Mason Marchment in LAS VEGAS LIZARD KINGS zone.
5:56 of 3rd period - Ryan Nugent-Hopkins is hit by Jamie Oleksiak and loses puck.
6:17 of 3rd period - Shot by Ryan Nugent-Hopkins.
6:17 of 3rd period - Shot Misses the Net.
6:39 of 3rd period - Johnny Gaudreau is hit by Jake McCabe and loses puck.
7:46 of 3rd period - Icing by Brandon Hagel.
7:47 of 3rd period - Jeff Carter wins face-off versus Brett Howden in LAS VEGAS LIZARD KINGS zone.
7:47 of 3rd period - Jeff Carter is hit by Brett Howden.
7:50 of 3rd period - Evan Rodrigues is hit by Brett Howden and loses puck.
8:07 of 3rd period - Ty Dellandrea is hit by Colton White and loses puck.
8:17 of 3rd period - Shot by Zemgus Girgensons.
8:17 of 3rd period - Stopped by Samuel Ersson with a rebound.
8:24 of 3rd period - Minor Penalty to Jordan Oesterle for Tripping.
8:25 of 3rd period - Ryan Johansen wins face-off versus Ryan Nugent-Hopkins in CALGARY FIREMEN zone.
9:56 of 3rd period - Jake McCabe is hit by Joe Pavelski.
12:56 of 3rd period - Shot by Jakob Silfverberg.
12:56 of 3rd period - Stopped by Kaapo Kahkonen without a rebound.
12:57 of 3rd period - Mason Marchment wins face-off versus Ty Dellandrea in LAS VEGAS LIZARD KINGS zone.
12:58 of 3rd period - Shot by Yakov Trenin.
12:58 of 3rd period - Shot Misses the Net.
13:45 of 3rd period - Shot by Victor Olofsson.
13:45 of 3rd period - Stopped by Samuel Ersson without a rebound.
13:46 of 3rd period - Ryan Nugent-Hopkins wins face-off versus Mattias Janmark-Nylen in CALGARY FIREMEN zone.
13:53 of 3rd period - Shot by Ryan Nugent-Hopkins.
13:53 of 3rd period - Stopped by Samuel Ersson without a rebound.
13:54 of 3rd period - Ryan Nugent-Hopkins wins face-off versus Ryan Johansen in CALGARY FIREMEN zone.
14:56 of 3rd period - Shot by Evan Rodrigues.
14:56 of 3rd period - Shot Misses the Net.
15:14 of 3rd period - Brett Howden is hit by Evan Rodrigues and loses puck.
15:50 of 3rd period - Olli Maatta is hit by Ty Dellandrea and loses puck.
16:54 of 3rd period - Icing by Yakov Trenin.
16:55 of 3rd period - Jeff Carter wins face-off versus Mason Marchment in CALGARY FIREMEN zone.
17:13 of 3rd period - Icing by Jordan Oesterle.
17:14 of 3rd period - Ryan Nugent-Hopkins wins face-off versus Mason Marchment in CALGARY FIREMEN zone.
18:02 of 3rd period - Ryan Nugent-Hopkins is hit by Yakov Trenin and loses puck.
19:10 of 3rd period - CALGARY FIREMEN, Samuel Ersson is pulled from the net.
19:13 of 3rd period - Jakob Silfverberg is hit by Dmitry Kulikov and loses puck.
19:21 of 3rd period - Jake McCabe is hit by Dmitry Kulikov and loses puck.
19:26 of 3rd period - Shot by Mattias Janmark-Nylen.
19:26 of 3rd period - Stopped by Kaapo Kahkonen without a rebound.
19:27 of 3rd period - Ryan Nugent-Hopkins wins face-off versus Ryan Johansen in LAS VEGAS LIZARD KINGS zone.
19:32 of 3rd period - Jamie Oleksiak is hit by Vladislav Namestnikov and loses puck.
19:39 of 3rd period - Shot by Joe Pavelski.
19:39 of 3rd period - Goal by Joe Pavelski - LAS VEGAS LIZARD KINGS : 5 - CALGARY FIREMEN : 3.
19:39 of 3rd period - Samuel Ersson from CALGARY FIREMEN was sent back in the game.
19:40 of 3rd period - Luke Glendening wins face-off versus Brett Howden in neutral zone.
Goals for this period are 1 for LAS VEGAS LIZARD KINGS vs 0 for CALGARY FIREMEN.
Shots for this period are 5 for LAS VEGAS LIZARD KINGS vs 8 for CALGARY FIREMEN.


BLAKE
WHEELER
STEVEN
STAMKOS
DREW
DOUGHTY

EAST COAST

HOCKEY LEAGUE

  • 63.RHI2PIT5
  • 64.WOR4ATL3
  • 65.QUECHW
  • 66.CHATRV